EL
PITTSFIELD COLONIALS @ LYNN SAILORS
06/20/1982
 
TOP OF THE 1ST
Pittsfield Colonials batting - Pitching for Lynn Sailors : RHP Joe Whitmer
Pitching: RHP Joe Whitmer
Batting: SHB Steve Scafa 0-0: Ball
1-0: Ball
2-0: Foul Ball, location: 2F
2-1: Ball
3-1: Swinging Strike
3-2: Fly out, F7 (Flyball, 78S, EV 79.4 MPH)
Batting: SHB Mitch Webster 0-0: SINGLE (Groundball, 56D, EV 96.9 MPH)
Batting: LHB Terry Francona 0-0: Called Strike
Mitch Webster steals 2nd base
0-1: SINGLE (Line Drive, 4D, EV 96.3 MPH)
Mitch Webster to third
Runner from 3rd tries for Home, SAFE, throw by RF to home
Batting: RHB Shawon Dunston 0-0: Called Strike
0-1: Fielders Choice at 2nd, 5-4 (Groundball, 5L, EV 108.8 MPH)
Batting: LHB Armando Ortiz 0-0: Ball
1-0: Called Strike
Shawon Dunston steals 2nd base
1-1: Ball
2-1: Ball
3-1: Base on Balls
Batting: RHB Mike Brewer 0-0: Ball
1-0: Ball
2-0: Called Strike
2-1: SINGLE (Line Drive, 89S, EV 96.9 MPH)
Shawon Dunston to third
Armando Ortiz to second
Runner from 3rd tries for Home, SAFE, throw by CF to home
Batting: SHB David Enos 0-0: Foul Ball, location: 2F
0-1: SINGLE (Flyball, 6MD, EV 95.0 MPH)
Armando Ortiz to third
Mike Brewer to second
Runner from 3rd tries for Home, throw by CF and OUT! 8-2
Top of the 1st over - 2 runs, 4 hits, 0 errors, 2 left on base; Pittsfield 2 - Lynn 0
BOTTOM OF THE 1ST
Lynn Sailors batting - Pitching for Pittsfield Colonials : RHP Rickey Keeton
Pitching: RHP Rickey Keeton
Batting: RHB Ron Wotus 0-0: Ball
1-0: Called Strike
1-1: Ground out 4-3 (Groundball, 34, EV 100.6 MPH)
Batting: RHB Jorge Hinojosa 0-0: Foul Ball, location: 2F
0-1: Ball
1-1: Ball
2-1: Ball
3-1: Base on Balls
Batting: RHB Mike Rubel 0-0: Foul Ball, location: 2F
0-1: Ball
1-1: Ball
2-1: Ball
3-1: Base on Balls
Jorge Hinojosa to second
Batting: RHB Ken Gerhart 0-0: Swinging Strike
0-1: Foul Ball, location: 2F
0-2: Foul Ball, location: 2F
0-2: Ball
1-2: Foul Ball, location: 2F
1-2: Ball
2-2: Fly out, F9 (Line Drive, 9D, EV 92.5 MPH)
Batting: RHB Mike Reddish 0-0: Called Strike
0-1: Fielders Choice at 2nd, 5-4 (Groundball, 5, EV 88.1 MPH)
Bottom of the 1st over - 0 runs, 0 hits, 0 errors, 2 left on base; Pittsfield 2 - Lynn 0
TOP OF THE 2ND
Pittsfield Colonials batting - Pitching for Lynn Sailors : RHP Joe Whitmer
Batting: RHB Steven Ramler 0-0: Called Strike
0-1: Ball
1-1: Foul Ball, location: 2F
1-2: Strikes out swinging
Batting: RHB Juan Castro 0-0: Ball
1-0: Swinging Strike
1-1: Called Strike
1-2: DOUBLE (Groundball, 5L, EV 105.6 MPH)
Batting: SHB Steve Scafa 0-0: Ball
1-0: Ball
2-0: Called Strike
2-1: Swinging Strike
2-2: Ball
3-2: Foul Ball, location: 2F
3-2: Base on Balls
Batting: SHB Mitch Webster 0-0: Called Strike
0-1: Ball
1-1: Fly out, F8 (Flyball, 8RD, EV 84.4 MPH)
Batting: LHB Terry Francona 0-0: Ball
1-0: Foul Ball, location: 2F
1-1: Ground out 4-3 (Groundball, 4, EV 101.3 MPH)
Top of the 2nd over - 0 runs, 1 hit, 0 errors, 2 left on base; Pittsfield 2 - Lynn 0
BOTTOM OF THE 2ND
Lynn Sailors batting - Pitching for Pittsfield Colonials : RHP Rickey Keeton
Batting: RHB Ted Trevino 0-0: Ball
1-0: Foul Ball, location: 2F
1-1: Foul Ball, location: 2F
1-2: Ball
2-2: Strikes out swinging
Batting: RHB Ezequiel Carrasco 0-0: Ball
1-0: Ball
2-0: Called Strike
2-1: Ground out 6-3 (Groundball, 6, EV 80.6 MPH)
Batting: SHB Danny Gans 0-0: Called Strike
0-1: Swinging Strike
0-2: Ball
1-2: Foul Ball, location: 2F
1-2: Foul Ball, location: 2F
1-2: Foul Ball, location: 2F
1-2: Ball
2-2: Foul Ball, location: 2F
2-2: Strikes out swinging
Bottom of the 2nd over - 0 runs, 0 hits, 0 errors, 0 left on base; Pittsfield 2 - Lynn 0
TOP OF THE 3RD
Pittsfield Colonials batting - Pitching for Lynn Sailors : RHP Joe Whitmer
Batting: RHB Shawon Dunston 0-0: SINGLE (Groundball, 56S, EV 73.8 MPH) (infield hit)
Batting: LHB Armando Ortiz 0-0: Ball
1-0: Ball
2-0: Ball
3-0: Called Strike
3-1: Base on Balls
Shawon Dunston to second
Batting: RHB Mike Brewer 0-0: Ball
1-0: Grounds into double play, 6-4-3 (Groundball, 6, EV 106.9 MPH)
Shawon Dunston to third
Batting: SHB David Enos 0-0: Called Strike
0-1: Called Strike
0-2: Ground out 4-3 (Groundball, 4, EV 87.5 MPH)
Top of the 3rd over - 0 runs, 1 hit, 0 errors, 1 left on base; Pittsfield 2 - Lynn 0
BOTTOM OF THE 3RD
Lynn Sailors batting - Pitching for Pittsfield Colonials : RHP Rickey Keeton
Batting: RHB Vinny Jaramillo 0-0: Ball
1-0: Ground out 4-3 (Groundball, 4M, EV 105.0 MPH)
Batting: RHB Ron Wotus 0-0: Called Strike
0-1: Ball
1-1: Called Strike
1-2: Foul Ball, location: 2F
1-2: Fly out, F9 (Flyball, 9LD, EV 89.4 MPH)
Batting: RHB Jorge Hinojosa 0-0: Foul Ball, location: 2F
0-1: Ball
1-1: Swinging Strike
1-2: Foul Ball, location: 2F
1-2: Strikes out swinging
Bottom of the 3rd over - 0 runs, 0 hits, 0 errors, 0 left on base; Pittsfield 2 - Lynn 0
TOP OF THE 4TH
Pittsfield Colonials batting - Pitching for Lynn Sailors : RHP Joe Whitmer
Batting: RHB Steven Ramler 0-0: Ball
1-0: Called Strike
1-1: Foul Ball, location: 2F
1-2: Foul Ball, location: 2F
1-2: Ground out 6-3 (Groundball, 56, EV 107.5 MPH)
Batting: RHB Juan Castro 0-0: Ball
1-0: Ball
2-0: Foul Ball, location: 2F
2-1: Swinging Strike
2-2: Ball
3-2: Strikes out swinging
Batting: SHB Steve Scafa 0-0: Ball
1-0: Reached on error, E2 (Groundball, 2R, EV 68.1 MPH)
Batting: SHB Mitch Webster 0-0: Ground out 6-3 (Groundball, 6, EV 85.6 MPH)
Top of the 4th over - 0 runs, 0 hits, 1 error, 1 left on base; Pittsfield 2 - Lynn 0
BOTTOM OF THE 4TH
Lynn Sailors batting - Pitching for Pittsfield Colonials : RHP Rickey Keeton
Batting: RHB Mike Rubel 0-0: Ground out 4-3 (Groundball, 4, EV 102.5 MPH)
Batting: RHB Ken Gerhart 0-0: Ball
1-0: Ground out U3 (Groundball, 34, EV 108.8 MPH)
Batting: RHB Mike Reddish 0-0: Ball
1-0: Foul Ball, location: 2F
1-1: Ball
2-1: Fly out, F7 (Flyball, 7LM, EV 92.5 MPH)
Bottom of the 4th over - 0 runs, 0 hits, 0 errors, 0 left on base; Pittsfield 2 - Lynn 0
TOP OF THE 5TH
Pittsfield Colonials batting - Pitching for Lynn Sailors : RHP Joe Whitmer
Batting: LHB Terry Francona 0-0: SINGLE (Groundball, 25, EV 66.3 MPH) (infield hit)
Batting: RHB Shawon Dunston 0-0: Called Strike
0-1: Swinging Strike
0-2: Ball
1-2: Fly out, F7 (Flyball, 7LS, EV 78.1 MPH)
Batting: LHB Armando Ortiz 0-0: Called Strike
0-1: Ball
1-1: Foul Ball, location: 2F
1-2: Grounds into double play, 4-6-3 (Groundball, 34, EV 83.1 MPH)
Top of the 5th over - 0 runs, 1 hit, 0 errors, 0 left on base; Pittsfield 2 - Lynn 0
BOTTOM OF THE 5TH
Lynn Sailors batting - Pitching for Pittsfield Colonials : RHP Rickey Keeton
Batting: RHB Ted Trevino 0-0: Ball
1-0: SINGLE (Flyball, 89S, EV 88.1 MPH)
Batting: RHB Ezequiel Carrasco 0-0: Fly out, F7 (Flyball, 78M, EV 90.6 MPH)
Batting: SHB Danny Gans 0-0: Ball
1-0: Fly out, F9 (Flyball, 9LS, EV 91.3 MPH)
Batting: RHB Vinny Jaramillo 0-0: Ball
1-0: Ball
2-0: Called Strike
2-1: Swinging Strike
2-2: Ground out 1-3 (Groundball, 15S, EV 66.3 MPH)
Bottom of the 5th over - 0 runs, 1 hit, 0 errors, 1 left on base; Pittsfield 2 - Lynn 0
TOP OF THE 6TH
Pittsfield Colonials batting - Pitching for Lynn Sailors : RHP Joe Whitmer
Batting: RHB Mike Brewer 0-0: Called Strike
0-1: Foul Ball, location: 2F
0-2: Ball
1-2: Fly out, F8 (Line Drive, 8RM, EV 96.3 MPH)
Batting: SHB David Enos 0-0: Ball
1-0: Called Strike
1-1: Foul Ball, location: 2F
1-2: Fly out, F7 (Flyball, 7LS, EV 91.9 MPH)
Batting: RHB Steven Ramler 0-0: Ball
1-0: Called Strike
1-1: Ball
2-1: Fly out, F9 (Flyball, 9LS, EV 73.8 MPH)
Top of the 6th over - 0 runs, 0 hits, 0 errors, 0 left on base; Pittsfield 2 - Lynn 0
BOTTOM OF THE 6TH
Lynn Sailors batting - Pitching for Pittsfield Colonials : RHP Rickey Keeton
Batting: RHB Ron Wotus 0-0: Called Strike
0-1: Called Strike
0-2: Ball
1-2: Foul Ball, location: 2F
1-2: Ball
2-2: Ball
3-2: Fly out, F8 (Line Drive, 8LD, EV 90.6 MPH)
Batting: RHB Jorge Hinojosa 0-0: Ball
1-0: Called Strike
1-1: Fly out, F7 (Flyball, 78D, EV 101.3 MPH)
Batting: RHB Mike Rubel 0-0: Called Strike
0-1: Fly out, F7 (Flyball, 7, EV 89.4 MPH)
Bottom of the 6th over - 0 runs, 0 hits, 0 errors, 0 left on base; Pittsfield 2 - Lynn 0
TOP OF THE 7TH
Pittsfield Colonials batting - Pitching for Lynn Sailors : RHP Joe Whitmer
Batting: RHB Juan Castro 0-0: DOUBLE (Flyball, 8RD, EV 100.6 MPH)
Batting: SHB Steve Scafa 0-0: Called Strike
0-1: Ball
1-1: Ball
2-1: Ball
3-1: Base on Balls
Batting: SHB Mitch Webster 0-0: Bunted foul
0-1: Sac Bunt to 2R - play at first, batter OUT! 2-4
Juan Castro to third
Steve Scafa to second
Batting: LHB Terry Francona 0-0: Intentional Walk
Batting: RHB Shawon Dunston 0-0: Grounds into fielders choice 5-2 (Groundball, 56S, EV 74.4 MPH)
Steve Scafa to third
Terry Francona to second
Batting: LHB Armando Ortiz 0-0: Foul Ball, location: 2F
0-1: GRAND SLAM HOME RUN (Flyball, 9D, EV 95.0 MPH), Distance : 379 ft
Pitching: RHP Trent Ferrin
Batting: RHB Mike Brewer 0-0: Called Strike
0-1: Ball
1-1: Swinging Strike
1-2: Ball
2-2: Ball
3-2: Base on Balls
Batting: SHB David Enos 0-0: Fly out, F7 (Flyball, 78S, EV 96.3 MPH)
Top of the 7th over - 4 runs, 2 hits, 0 errors, 1 left on base; Pittsfield 6 - Lynn 0
BOTTOM OF THE 7TH
Lynn Sailors batting - Pitching for Pittsfield Colonials : RHP Rickey Keeton
Batting: RHB Ken Gerhart 0-0: SOLO HOME RUN (Flyball, 7LD, EV 100.0 MPH), Distance : 374 ft
Batting: RHB Mike Reddish 0-0: Ball
1-0: DOUBLE (Line Drive, 7LM, EV 109.4 MPH)
Batting: RHB Ted Trevino 0-0: SINGLE (Groundball, 6MD, EV 98.8 MPH)
Mike Reddish to third
Batting: RHB Ezequiel Carrasco 0-0: Fly out, F2 (Popup, 3SF, EV 86.9 MPH)
Batting: SHB Danny Gans 0-0: Ball
1-0: Called Strike
1-1: Ball
2-1: Fielders Choice at 2nd, 2-4 (Groundball, 15S, EV 74.4 MPH)
Batting: RHB Vinny Jaramillo 0-0: Ball
1-0: SINGLE (Groundball, 4MD, EV 99.4 MPH)
Mike Reddish scores
Danny Gans to second
Runner from 2nd tries for 3rd, SAFE, throw by CF made to third
Vinny Jaramillo to second
Batting: RHB Ron Wotus 0-0: Ball
1-0: Foul Ball, location: 2F
1-1: Foul Ball, location: 2F
1-2: Fly out, F7 (Flyball, 7LM, EV 99.4 MPH)
Bottom of the 7th over - 2 runs, 4 hits, 0 errors, 2 left on base; Pittsfield 6 - Lynn 2
TOP OF THE 8TH
Pittsfield Colonials batting - Pitching for Lynn Sailors : RHP Trent Ferrin
Batting: RHB Steven Ramler 0-0: Swinging Strike
0-1: Ball
1-1: Foul Ball, location: 2F
1-2: Ball
2-2: Ball
3-2: Foul Ball, location: 2F
3-2: Foul Ball, location: 2F
3-2: Foul Ball, location: 2F
3-2: Base on Balls
Batting: RHB Juan Castro 0-0: Fly out, F8 (Line Drive, 8RM, EV 110.6 MPH)
Batting: SHB Steve Scafa 0-0: Ball
1-0: Ball
2-0: Ball
3-0: Base on Balls
Steven Ramler to second
Batting: SHB Mitch Webster 0-0: Fielders Choice at 2nd, 5-4 (Groundball, 56S, EV 87.5 MPH)
Steven Ramler to third
Batting: LHB Terry Francona 0-0: Fly out, F3 (Line Drive, 3, EV 68.8 MPH)
Top of the 8th over - 0 runs, 0 hits, 0 errors, 2 left on base; Pittsfield 6 - Lynn 2
BOTTOM OF THE 8TH
Lynn Sailors batting - Pitching for Pittsfield Colonials : RHP Rickey Keeton
Batting: RHB Jorge Hinojosa 0-0: Called Strike
0-1: Swinging Strike
0-2: Strikes out swinging
Batting: RHB Mike Rubel 0-0: Ball
1-0: Fly out, F7 (Flyball, 78M, EV 85.0 MPH)
Batting: RHB Ken Gerhart 0-0: Ball
1-0: Foul Ball, location: 2F
1-1: Swinging Strike
1-2: Ground out 4-3 (Groundball, 4, EV 105.6 MPH)
Bottom of the 8th over - 0 runs, 0 hits, 0 errors, 0 left on base; Pittsfield 6 - Lynn 2
TOP OF THE 9TH
Pittsfield Colonials batting - Pitching for Lynn Sailors : RHP Trent Ferrin
Batting: RHB Shawon Dunston 0-0: Ball
1-0: Called Strike
1-1: Ball
2-1: Ball
3-1: Fly out, F3 (Line Drive, 3, EV 63.8 MPH)
Batting: LHB Armando Ortiz 0-0: Ball
1-0: Ball
2-0: Ball
3-0: Base on Balls
Batting: RHB Mike Brewer 0-0: Ball
1-0: Foul Ball, location: 2F
1-1: Ball
2-1: Fly out, F8 (Flyball, 8RM, EV 97.5 MPH)
Batting: SHB David Enos 0-0: SINGLE (Groundball, 34D, EV 98.1 MPH)
Armando Ortiz to second
Runner from 2nd tries for 3rd, SAFE, no throw by RF
Batting: RHB Steven Ramler 0-0: SINGLE (Line Drive, 7S, EV 100.0 MPH)
Armando Ortiz scores
David Enos to second
Batting: RHB Juan Castro 0-0: Called Strike
0-1: Ball
1-1: Ball
2-1: Called Strike
2-2: Fly out, F6 (Popup, 6M, EV 76.9 MPH)
Top of the 9th over - 1 run, 2 hits, 0 errors, 2 left on base; Pittsfield 7 - Lynn 2
BOTTOM OF THE 9TH
Lynn Sailors batting - Pitching for Pittsfield Colonials : RHP Rickey Keeton
Batting: RHB Mike Reddish 0-0: Ball
1-0: Called Strike
1-1: Ball
2-1: Ground out 6-3 (Groundball, 6, EV 97.5 MPH)
Batting: RHB Ted Trevino 0-0: Ball
1-0: Fly out, F3 (Popup, 3F, EV 68.1 MPH)
Batting: RHB Ezequiel Carrasco 0-0: Called Strike
0-1: Ball
1-1: Foul Ball, location: 2F
1-2: Foul Ball, location: 2F
1-2: Ball
2-2: Ball
3-2: Ground out 1-3 (Groundball, 34S, EV 68.1 MPH)
Bottom of the 9th over - 0 runs, 0 hits, 0 errors, 0 left on base; Pittsfield 7 - Lynn 2
Monday, August 10th, 2020 - OOTP Baseball 21.5 Build 76